 Dungeon Crawl Stone Soup version 0.30.0-29-ga12c61a403 (webtiles) character file.

Game seed: 15486429953129781654

79 safid the Chiller (level 4, 0/33 HPs)
             Began as a Merfolk Ice Elementalist on June 9, 2023.
             Slain by a worm (8 damage)
             ... on level 2 of the Dungeon.
             The game lasted 00:01:51 (1682 turns).

safid the Chiller (Merfolk Ice Elementalist)        Turns: 1682, Time: 00:01:52

Health: 0/33       AC:  2    Str:  8    XL:     4   Next: 37%
Magic:  5/8        EV: 12    Int: 16    God:
Gold:   78         SH:  0    Dex: 14    Spells: 1/8 levels left

rFire   . . .        f - +1 dagger (flame)
rCold   . . .        (no shield)
rNeg    . . .        a - +0 robe
rPois   .            (no helmet)
rElec   .            (no cloak)
rCorr   .            (no gloves)
SInv    .            (no boots)
Will    .....        (no amulet)
Stlth   ++           (no ring)
HPRegen 0.25/turn    (no ring)
MPRegen 0.11/turn

%: no passive effects
@: no status effects
A: (nimble swimmer 2), mertail
a: no special abilities


You were on level 2 of the Dungeon.
You visited 1 branch of the dungeon, and saw 2 of its levels.

You collected 78 gold pieces.

Inventory:

Hand Weapons
 f - a +1 dagger of flaming (weapon)
Armour
 a - a +0 robe (worn)
Jewellery
 o - an amulet of guardian spirit
Scrolls
 e - 2 scrolls of immolation {unknown}
 h - a scroll of amnesia {unknown}
 i - a scroll of identify {unknown}
 j - a scroll of noise {unknown}
 k - a scroll of poison {unknown}
Potions
 b - a potion of magic
 c - 2 potions of flight {unknown}
 d - 2 potions of heal wounds {unknown}
 g - 2 potions of attraction {unknown}
 l - 2 potions of lignification {unknown}
 m - a potion of degeneration {unknown}
 n - a potion of might {unknown}


   Skills:
 + Level 2.2 Fighting
 - Level 2.6 Dodging
 - Level 2.1 Stealth
 + Level 2.9 Spellcasting
 + Level 5.1 Ice Magic


You had one spell level left.
You knew the following spells:

 Your Spells              Type           Power      Damage    Failure   Level
a - Freeze                Ice            72%        1d8       2%          1
b - Frozen Ramparts       Ice            36%        1d6       7%          3
c - Ozocubu's Armour      Ice            18%        N/A       7%          3

Your spell library contained the following spells:

 Spells                   Type           Power      Damage    Failure   Level
 Summon Ice Beast         Ice/Summ       10%        N/A       54%         4


Dungeon Overview and Level Annotations

Branches:
Dungeon (2/15)

Altars:
Yredelemnul


Innate Abilities, Weirdness & Mutations

((You are very nimble when in or above water. (Stealth+, EV+, Speed+++)))
Your lower body shifts to a powerful aquatic tail in water.


Message History

You open the door.
There is an open door here.
e - 2 scrolls labelled ZOSIBI LOSCH (gained 1)
A goblin comes into view. It is wielding a +0 club.
A goblin is nearby!
A worm and a rat come into view.
The goblin shouts!
You hit the worm. You burn the worm.
The worm is moderately wounded.
The goblin hits you with a +0 club.
You hit the worm. You burn the worm.
The worm is moderately wounded.
The worm bites you! The goblin hits you with a +0 club.
Casting: Freeze (safe; 2% risk of failure)
Confirm with . or Enter, or press ? or * to list all spells.
Aiming: Freeze (safe; 2% risk of failure)
Press: ? - help, Shift-Dir - straight line, f - worm
Aim: a worm (moderately wounded)
You freeze the worm.
The worm is heavily wounded.
The goblin closely misses you. The worm bites you!
* * * LOW HITPOINT WARNING * * *
Casting: Freeze (safe; 2% risk of failure)
Confirm with . or Enter, or press ? or * to list all spells.
Aiming: Freeze (safe; 2% risk of failure)
Press: ? - help, Shift-Dir - straight line, f/p - worm
Aim: a worm (heavily wounded)
You freeze the worm.
The worm is heavily wounded.
The goblin barely misses you.
Unknown command.
Casting: Freeze (safe; 2% risk of failure)
Confirm with . or Enter, or press ? or * to list all spells.
Aiming: Freeze (safe; 2% risk of failure)
Press: ? - help, Shift-Dir - straight line, f/p - worm
Aim: a worm (heavily wounded)
You freeze the worm.
The worm is severely wounded.
The goblin closely misses you. The worm bites you!
You die...

###.# ....# ### .####
..# ...######## #.#
.#.#... ..# #.##
†#.#.####.# ...#
.#.....##.#.####..#
....##.##.#...rwg.#
....##.##.######@.#
.#.###...)#.......#
.#......###.#######
.######.# #.#
.#......# #.#########
.#.###### #.........#
.#.################.#
.#.##.........# #.#
.#.##.........#####.#


You could see a worm, a goblin and a rat.

Vanquished Creatures
  3 gnolls (D:2)
  An adder (D:2)
  A worm (D:2)
  2 ball pythons
  2 bats (D:1)
  4 endoplasms
  2 giant cockroaches
  8 goblins
  3 hobgoblins
  A quokka (D:1)
  3 kobolds
  5 rats
35 creatures vanquished.

Notes
Turn   | Place    | Note
-------+----------+-------------------------------------------
     0 | D:1      | safid the Merfolk Ice Elementalist began the quest for the
                  | Orb.
     0 | D:1      | Reached XP level 1. HP: 13/13 MP: 3/3
   325 | D:1      | Reached XP level 2. HP: 19/20 MP: 5/5
   349 | D:1      | Reached skill level 1 in Fighting
   706 | D:1      | Reached XP level 3. HP: 13/26 MP: 3/6
   710 | D:1      | Learned a level 3 spell: Frozen Ramparts
   944 | D:2      | Found a basalt altar of Yredelemnul.
  1028 | D:2      | Learned a level 3 spell: Ozocubu's Armour
  1105 | D:2      | Reached skill level 5 in Ice Magic
  1105 | D:2      | Reached XP level 4. HP: 32/33 MP: 3/8
  1682 | D:2      | Slain by a worm

Illustrated notes

Levels and vault maps discovered:
D:1:      lightli_arrival_windingriver, layout_basic, dk_noncrumbling_4,
          minmay_split_cup_large
D:2:      layout_basic, basic_altar, serial_shops, nicolae_shop_crystal

Skill      XL: |  1  2  3 |
---------------+----------+-----
Fighting       | 1 2 |  2.2
Ice Magic      | 5 |  5.1
Dodging        | |  2.6
Stealth        | |  2.1
Spellcasting   | |  2.9

Action                     |  1- 3 |  4- 6 || total
---------------------------+-------+-------++-------
  Melee: Rapier            |    21 |       ||    21
         Dagger            |    23 |    18 ||    41
         Punch             |     1 |       ||     1
   Cast: Freeze            |    25 |     9 ||    34
   Stab: Sleeping          |     3 |     1 ||     4
 Armour: Robe              |     9 |     3 ||    12
  Dodge: Dodged            |    36 |    18 ||    54
